 Dungeon Crawl Stone Soup version 0.27.1-33-g824d729ab1 (webtiles) character file.

Game seed: 7603517096074767235

802 tanglemaster the Twirler (level 7, 49/49 HPs)
             Began as an Octopode Transmuter on Dec 24, 2021.
             Quit the game on level 4 of the Dungeon.
             The game lasted 00:05:22 (6431 turns).

tanglemaster the Twirler (Octopode Transmuter)      Turns: 6431, Time: 00:05:22

Health: 49/49      AC:  1    Str: 10    XL:     7   Next: 91%
Magic:  10/10      EV: 13    Int: 15    God:
Gold:   278        SH:  0    Dex: 14    Spells: 9/10 levels left

rFire    . . .     SeeInvis +   a - +4 quarterstaff (chaos)
rCold    . . .     Faith    +   (shield currently unavailable)
rNeg     . . .     Spirit   .   (helmet restricted)
rPois    .         Reflect  .   j - amulet of faith
rElec    .         Harm     .   g - ring of willpower
rCorr    .         Rampage  .   i - ring of see invisible
Will     +....                  (no ring)
Stlth    ++........             (no ring)
HPRegen  0.16/turn              (no ring)
MPRegen  0.12/turn              (no ring)
                                (no ring)
                                (no ring)

@: no status effects
A: almost no armour, amphibious, 8 rings, camouflage 1, gelatinous body 1,
(nimble swimmer 1), tentacles
a: no special abilities


You were on level 4 of the Dungeon.
You visited 1 branch of the dungeon, and saw 4 of its levels.

You collected 278 gold pieces.

Inventory:

Hand Weapons
 a - a +4 quarterstaff of chaos (weapon)
 m - a +1 great sword of holy wrath
Missiles
 e - 21 poisoned darts (quivered)
Jewellery
 g - a ring of willpower (left tentacle)
 i - a ring of see invisible (right tentacle)
 j - an amulet of faith (around mantle)
Scrolls
 b - a scroll of enchant armour {unknown}
 c - a scroll of identify
 d - a scroll of immolation {unknown}
 h - a scroll of fear {unknown}
 k - a scroll of amnesia
Potions
 f - a potion of might
 l - a potion of resistance {unknown}


   Skills:
 - Level 4.7 Fighting
 + Level 6.9 Staves
 - Level 2.0 Dodging
 - Level 3.0 Unarmed Combat
 - Level 2.0 Spellcasting
 - Level 2.0 Transmutations


You had 9 spell levels left.
You knew the following spells:

 Your Spells              Type           Power      Damage    Failure   Level
a - Beastly Appendage     Tmut           14%        N/A       10%         1

Your spell library contained the following spells:

 Spells                   Type           Power      Damage    Failure   Level
 Wereblood                Tmut           7%         N/A       14%         2
 Spider Form              Tmut/Pois      2%         N/A       41%         3
 Ice Form                 Ice/Tmut       4%         N/A       82%         4


Dungeon Overview and Level Annotations

Branches:
Dungeon (4/15)
 Temple: D:4-7

Altars:
Zin


Innate Abilities, Weirdness & Mutations

You cannot wear most types of armour.
You are amphibious.
You can wear up to eight rings at the same time.
Your skin changes colour to match your surroundings (Stealth+).
Your rubbery body absorbs attacks. (AC +1, EV +1)
((You are camouflaged near water. (Stealth+)))
You have tentacles for arms and can constrict up to eight enemies at once.


Message History

Things that are here:
a +0 dagger; a +0 robe; an orc corpse No target in view!
No target in view!
Things that are here:
a +0 flail; an orc corpse No target in view!
You now have 278 gold pieces (gained 8).
Found a glowing great sword.
No target in view!
As you open the door, it creaks loudly!
Found a glowing silver altar of Zin.
No target in view!
Found a sedimented inky potion.
No target in view!
Key pressed, stopping explore.
No target in view!
Key pressed, stopping explore.
No target in view!
l - a sedimented inky potion No target in view!
You see here a +1 great sword of holy wrath.
m - a +1 great sword of holy wrath Done exploring.
No target in view!
Done exploring.
No target in view!
Done exploring.
No target in view!
Done exploring.
No target in view!
Done exploring.
No target in view!
No target in view!
Done exploring.
(D) Dungeon
Where to? (Enter - D:4 @ (x,y), ? - help)
Okay, then.
Okay, then.
Are you sure you want to abandon this character and quit the game? (Confirm with "yes".)

#....)................#.##
###....................).##
#................###...##.
##.#.....##.[.....###(..#.
######..##...............
##.##..#.......#....
#..#..##......#..##
##.##......##.#.....
#..@....##.#####....
#...##..#### ##...
######.## #### ###


There were no monsters in sight!

Vanquished Creatures
  A jumping spider (shapeshifter) (D:3)
  2 phantoms
  2 kobold brigands (D:3)
  Crazy Yiuf (D:3)
  An orc wizard (D:4)
  6 adders
  6 gnolls (D:3)
  A shadow imp (D:3)
  An adder skeleton (D:4)
  A worm (D:4)
  4 dart slugs
  2 orcs (D:4)
  A bat (D:1)
  6 endoplasms
  6 giant cockroaches
  8 goblins
  10 hobgoblins
  7 jackals
  5 quokkas
  4 ball pythons
  2 frilled lizards
  35 kobolds
  7 rats
119 creatures vanquished.

Notes
Turn   | Place    | Note
-------+----------+-------------------------------------------
     0 | D:1      | tanglemaster the Octopode Transmuter began the quest for
                  | the Orb.
     0 | D:1      | Reached XP level 1. HP: 13/13 MP: 3/3
   373 | D:1      | Reached XP level 2. HP: 18/19 MP: 5/5
   978 | D:1      | Reached XP level 3. HP: 21/25 MP: 6/6
  1875 | D:2      | Found a faded altar of an unknown god.
  1919 | D:2      | Reached XP level 4. HP: 30/33 MP: 7/7
  2066 | D:2      | Found a runed translucent door.
  2067 | D:2      | Noticed Crazy Yiuf
  3220 | D:3      | Killed Crazy Yiuf
  3221 | D:3      | Reached XP level 5. HP: 36/38 MP: 8/8
  3527 | D:3      | Noticed a phantom
  3540 | D:3      | Killed a phantom
  3541 | D:3      | Reached skill level 2 in Staves
  3988 | D:3      | Reached XP level 6. HP: 11/44 MP: 9/9
  4332 | D:3      | Reached skill level 3 in Staves
  4380 | D:3      | Reached skill level 4 in Staves
  4617 | D:3      | Noticed a shapeshifter
  4617 | D:3      | a gnoll changed into a shapeshifter
  4617 | D:3      | Noticed a troll
  4617 | D:3      | a shapeshifter changed into a troll
  4618 | D:3      | Noticed a jumping spider
  4618 | D:3      | a troll changed into a jumping spider
  4639 | D:3      | Killed a jumping spider
  4640 | D:3      | Reached skill level 6 in Staves
  4640 | D:3      | Reached XP level 7. HP: 11/49 MP: 10/10
  6282 | D:4      | Found a glowing silver altar of Zin.
  6431 | D:4      | Quit the game

Illustrated notes

Levels and vault maps discovered:
D:1:      minmay_arrival_arboretum_large, layout_rooms
D:2:      layout_loops_ring, shapermc_ecumenical_altar_totnotflames,
          uniq_crazy_yiuf_cottage
D:3:      minmay_goblin_kobold_castle, layout_rooms
D:4:      layout_cave_pools, zin_statuary

Skill      XL: |  1  2  3  4  5  6 |
---------------+-------------------+-----
Fighting       | 2 3 4 |  4.7
Staves         | 2 6 |  6.9
Dodging        | |  2.0
Unarmed Combat | |  3.0
Spellcasting   | |  2.0
Transmutations | |  2.0

Action                   |  1- 3 |  4- 6 |  7- 9 || total
-------------------------+-------+-------+-------++-------
Melee: Unarmed           |    78 |       |       ||    78
       Tentacles         |    12 |    17 |    10 ||    39
       Constrict         |    28 |    19 |    15 ||    62
       Punch             |     2 |     2 |     2 ||     6
       Spear             |    19 |    52 |       ||    71
       Quarterstaff      |       |    69 |    62 ||   131
Throw: Dart              |       |     8 |       ||     8
 Cast: Beastly Appendage |       |     1 |       ||     1
  Use: Potion            |     1 |     7 |     1 ||     9
       Scroll            |       |     2 |       ||     2
 Stab: Sleeping          |     7 |     6 |     4 ||    17
Armor: Skin              |     7 |     7 |     2 ||    16
Dodge: Dodged            |    53 |    66 |    37 ||   156
